 Dungeon Crawl Stone Soup version 0.24.1-14-gf8d2b509d9 (webtiles) character file.

Game seed: 8266044627553593768, levelgen mode: deterministic

7 Mrkan the Grave Robber (level 2, 0/23 HPs)
             Began as a Ghoul Necromancer on May 22, 2020.
             Hit by a stone thrown by a kobold (2 damage)
             ... on level 1 of the Dungeon.
             The game lasted 00:00:27 (66 turns).

Mrkan the Grave Robber (Ghoul Necromancer)            Turns: 66, Time: 00:00:28

Health: 0/23       AC:  2    Str: 11    XL:     2   Next: 0%
Magic:  3/3        EV: 12    Int: 10    God:
Gold:   0          SH:  0    Dex:  9    Spells: 3/4 levels left

rFire    . . .     SeeInvis .   (no weapon)
rCold    + . .     Gourm    .   (no shield)
rNeg     + + +     Faith    .   a - +0 robe
rPois    ∞         Spirit   .   (no helmet)
rElec    .         Reflect  .   (no cloak)
rCorr    .         Harm     .   (no gloves)
MR       .....                  (no boots)
Stlth    ++........             (no amulet)
HPRegen  0.00/turn              (no ring)
MPRegen  0.08/turn              (no ring)

@: rotting
A: rotting body, claws 1, carnivore, cold resistance 1, negative energy
resistance 3, inhibited regeneration, torment resistance, unbreathing
a: no special abilities


You were on level 1 of the Dungeon.
You were not hungry.

You visited 1 branch of the dungeon, and saw 1 of its levels.

Inventory:

Armour
 a - a +0 robe (worn)
Comestibles
 c - a ration


   Skills:
 * Level 1.1 Fighting
 + Level 1.9 Dodging
 - Level 2.1 Stealth
 + Level 1.9 Spellcasting
 - Level 4.0 Necromancy


You had 3 spell levels left.
You knew the following spells:

 Your Spells              Type           Power        Failure   Level  Hunger
a - Pain                  Necr           #...         6%          1    ##.....

Your spell library contained the following spells:

 Spells                   Type           Power        Failure   Level  Hunger
 Animate Skeleton         Necr           N/A          6%          1    ##.....
 Vampiric Draining        Necr           #.........   19%         3    ####...
 Regeneration             Chrm/Necr      #.........   38%         3    ####...
 Animate Dead             Necr           N/A          52%         4    #####..


Dungeon Overview and Level Annotations

Branches:
Dungeon (1/15)

Altars:


Innate Abilities, Weirdness & Mutations

Your body is rotting away.
You thrive on raw meat.
You are immune to poison.
You have sharp fingernails.
You are carnivorous and can eat meat at any time.
Your flesh is cold resistant. (rC+)
You are immune to negative energy. (rN+++)
You do not regenerate when monsters are visible.
You are immune to unholy pain and torment.
You can survive without breathing.


Message History

The kobold shouts!
You scratch the dart slug.
The dart slug is moderately wounded.
You hear a shout!
The kobold throws a stone.
The stone barely misses you.
You scratch the dart slug.
The dart slug is heavily wounded.
The dart slug bites you but does no damage.
You scratch the dart slug.
The dart slug is severely wounded.
The kobold throws a stone.
The stone hits you.
* * * LOW HITPOINT WARNING * * *
The dart slug bites you.
* * * LOW HITPOINT WARNING * * *
You scratch the dart slug.
You kill the dart slug!
Your Fighting skill increases to level 1!
You have reached level 2!
The kobold throws a stone.
The stone hits you.
You die...

###.### #O#.#m#
###.### #V#.#K#
###.### #6#.#p#
###(### #(##
#@.#########
##.K........
.......##.......#
####w.....#####.#
##...(.# ####..#
.... ...#. ... .


You could see a kobold.

Vanquished Creatures
  A dart slug (D:1)
  2 jackals (D:1)
  A frilled lizard (D:1)
  A rat (D:1)
5 creatures vanquished.

Notes
Turn   | Place    | Note
-------+----------+-------------------------------------------
     0 | D:1      | Mrkan the Ghoul Necromancer began the quest for the Orb.
     0 | D:1      | Reached XP level 1. HP: 14/14 MP: 2/2
     2 | D:1      | Noticed an octopode
     2 | D:1      | Noticed a draconian
     4 | D:1      | Noticed an elf
     4 | D:1      | Noticed a gargoyle
     6 | D:1      | Noticed a human
     6 | D:1      | Noticed a minotaur
     8 | D:1      | Noticed a naga
     8 | D:1      | Noticed a felid
    12 | D:1      | Noticed a vine stalker
    12 | D:1      | Noticed a halfling
    14 | D:1      | Noticed a tengu
    14 | D:1      | Noticed a troll
    16 | D:1      | Noticed a dwarf
    18 | D:1      | Noticed a spriggan
    18 | D:1      | Noticed a centaur
    20 | D:1      | Noticed a formicid
    20 | D:1      | Noticed a ghoul
    22 | D:1      | Noticed an ogre
    22 | D:1      | Noticed a merfolk
    24 | D:1      | Noticed a vampire
    26 | D:1      | Noticed a demonspawn
    26 | D:1      | Noticed a demigod
    65 | D:1      | Reached skill level 1 in Fighting
    65 | D:1      | Reached XP level 2. HP: 2/23 MP: 3/3
    66 | D:1      | Hit by a stone thrown by a kobold

Levels and vault maps discovered:
D:1:      kb_arrival_jail, layout_rooms

Skill      XL: |  1 |
---------------+----+-----
Fighting       | 1 |  1.1
Dodging        | |  1.9
Stealth        | |  2.1
Spellcasting   | |  1.9
Necromancy     | |  4.0

Action                   || total
-------------------------++-------
Melee: Unarmed           ||    26
Armor: Robe              ||     5
Dodge: Dodged            ||    19
